 Dungeon Crawl Stone Soup version 0.20.0-10-g0535bb4 (webtiles) character file.

130 McKennaii the Shield-Bearer (level 4, -7/35 HPs)
             Began as a Demonspawn Fighter on June 6, 2017.
             Killed by nerve-wracking pain
             ... invoked by an orc priest
              (11 damage)
             ... on level 4 of the Dungeon.
             The game lasted 00:04:08 (2222 turns).

McKennaii the Shield-Bearer (Demonspawn Fighter)    Turns: 2222, Time: 00:04:10

Health: -7/35      AC: 10    Str: 16    XL:     4   Next: 90%
Magic:  4/4        EV:  7    Int: 10    God:
Gold:   181        SH:  9    Dex: 13    Spells: 3/3 levels left

rFire    + . .     SeeInvis .   a - +0 long sword
rCold    . . .     Gourm    .   c - +0 shield
rNeg     . . .     Faith    .   b - +0 scale mail
rPois    .         Spirit   .   (helmet restricted)
rElec    .         Reflect  .   m - +0 cloak
rCorr    .         Harm     .   (no gloves)
MR       .....                  (no boots)
Stlth    ..........             (no amulet)
Regen    0.2/turn               (no ring)
MPRegen  0.1/turn               (no ring)

@: lethally poisoned (-7 -> -10)
A: antennae 1, molten scales 1, fire resistance 1
a: no special abilities


You were on level 4 of the Dungeon.
You were very hungry.

You visited 1 branch of the dungeon, and saw 4 of its levels.

You collected 181 gold pieces.

Inventory:

Hand Weapons
 a - a +0 long sword (weapon)
Armour
 b - a +0 scale mail (worn)
 c - a +0 shield (worn)
 m - a +0 cloak (worn)
Jewellery
 h - an uncursed ring of fire
 q - an uncursed ring of protection from fire {unknown}
Wands
 p - a wand of iceblast (8/15)
Scrolls
 e - a scroll of remove curse {unknown}
 g - 6 scrolls of identify {unknown}
 j - a scroll of blinking {unknown}
 o - 3 scrolls of teleportation {unknown}
 r - a scroll of fear {unknown}
Potions
 d - 2 potions of might
 k - a potion of heal wounds {unknown}
 l - a potion of agility {unknown}
 s - a potion of curing {unknown}
 u - a potion of flight {unknown}
Comestibles
 f - 5 bread rations
 i - 2 royal jellies
 n - 2 meat rations


   Skills:
 + Level 3.3 Fighting
 + Level 2.9 Long Blades
 + Level 3.2 Armour
 + Level 1.0 Dodging
 + Level 3.7 Shields


You had 3 spell levels left.
You didn't know any spells.

Dungeon Overview and Level Annotations

Branches:
Dungeon (4/15)
 Temple: D:4-7

Altars:
Nemelex Xobeh


Innate Abilities, Weirdness & Mutations

You have a pair of small antennae on your head.
You are partially covered in molten scales. (AC +2)
Your flesh is heat resistant. (rF+)


Message History

You block the orc priest's attack. The worker ant bites you.
* * * LOW HITPOINT WARNING * * *
The leopard gecko skeleton barely misses you.
You riposte.
You hit the leopard gecko skeleton.
The leopard gecko skeleton is severely damaged.
You hit the orc priest but do no damage.
* * * LOW HITPOINT WARNING * * *
You feel sick. You block the worker ant's attack.
The orc priest begins to cast a cantrip, but forgets the words!
The leopard gecko skeleton bites you but does no damage.
You block the worker ant's attack. The orc priest barely misses you.
You riposte.
You hit the orc priest but do no damage.
You hit the orc priest but do no damage.
* * * LOW HITPOINT WARNING * * *
You feel sick. You block the worker ant's attack.
You block the leopard gecko skeleton's attack.
The orc priest calls down the wrath of Beogh upon you.
Pain shoots through your body!
You die...

#### #####...
.... ##......
#...#......
###..#..... ##
.......... .##
.......# ...#.
#..aZ## #..o..
#..@o.##..$...
##.........#
#.........#
#....<...##
##.....###
##.#### ...#
..... ##....


You could see a worker ant, an orc priest and a leopard gecko skeleton.

Vanquished Creatures
  5 adders
  A worm (D:3)
  A dart slug (D:1)
  A leopard gecko (D:1)
  7 goblins
  13 hobgoblins
  14 jackals
  2 ball pythons
  9 bats
  8 frilled lizards
  11 kobolds
  7 rats
79 creatures vanquished.

Notes
Turn   | Place    | Note
-------+----------+-------------------------------------------
     0 | D:1      | McKennaii the Demonspawn Fighter began the quest for the Orb.
     0 | D:1      | Reached XP level 1. HP: 18/18 MP: 1/1
   278 | D:1      | Gained mutation: You are partially covered in molten scales. (AC +2) [demonic ancestry]
   278 | D:1      | Reached XP level 2. HP: 24/24 MP: 2/2
   594 | D:1      | Gained mutation: Your flesh is heat resistant. (rF+) [demonic ancestry]
   594 | D:1      | Reached XP level 3. HP: 25/29 MP: 3/3
   945 | D:1      | You fall through a shaft!
  1202 | D:2      | Gained mutation: You have a pair of small antennae on your head. [demonic ancestry]
  1202 | D:2      | Reached XP level 4. HP: 27/35 MP: 4/4
  1874 | D:3      | Found a sparkling altar of Nemelex Xobeh.
  1942 | D:3      | Reached skill level 1 in Dodging
  2222 | D:4      | Killed from afar by an orc priest

Skill      XL: |  1  2  3  4 |
---------------+-------------+-----
Long Blades    | 2 |  2.9
Shields        | 3 |  3.7
Armour         | 3 |  3.2
Dodging        | 1 |  1.0
Fighting       | |  3.3

Action                   |  1- 3 |  4- 6 || total
-------------------------+-------+-------++-------
Melee: Long sword        |   180 |   114 ||   294
  Eat: Chunk             |     1 |     3 ||     4
Armor: Scale mail        |   105 |    50 ||   155
Dodge: Dodged            |    55 |    51 ||   106
Block: Shield            |    99 |    67 ||   166
       Rpst.: Long sword |    19 |    19 ||    38
